 Dungeon Crawl Stone Soup version 0.28.0-53-g5a82cb258f (webtiles) character file.

Game seed: 12261742722908419093

639 Plasmagod the Chopper (level 7, -1/37 HPs)
             Began as a Vine Stalker Fighter on July 26, 2022.
             Was an Initiate of the Shining One.
             Slain by an ogre
             ... wielding a +0 giant club
              (17 damage)
             ... on level 6 of the Dungeon.
             The game lasted 00:07:11 (4290 turns).

Plasmagod the Chopper (Vine Stalker Fighter)        Turns: 4290, Time: 00:07:12

Health: -1/37      AC:  8    Str: 21    XL:     7   Next: 50%
Magic:  0/8        EV:  9    Int:  8    God:    the Shining One [......]
Gold:   219        SH:  5    Dex: 13    Spells: 6/6 levels left

rFire   . . .      SeeInvis .   a - +0 war axe
rCold   . . .      Faith    .   c - +0 buckler
rNeg    . . .      Spirit   +   b - +0 scale mail
rPois   +          Reflect  .   (no helmet)
rElec   .          Harm     .   (no cloak)
rCorr   .          Rampage  .   k - +0 pair of gloves
Will    +....                   (no boots)
Stlth   ..........              (no amulet)
HPRegen 0.92/turn               w - ring of willpower
MPRegen 0.11/turn               y - ring of poison resistance

@: glowing
A: fangs 2, regeneration 1, magic shield, antimagic bite, no potion heal 2
a: Renounce Religion


You were on level 6 of the Dungeon.
You worshipped the Shining One.
The Shining One was noncommittal.
You visited 2 branches of the dungeon, and saw 7 of its levels.

You collected 219 gold pieces.

Inventory:

Hand Weapons
 a - a +0 war axe (weapon)
Armour
 b - a +0 scale mail (worn)
 c - a +0 buckler (worn)
 k - a +0 pair of gloves (worn)
Jewellery
 u - an amulet of faith
 w - a ring of willpower (left hand)
 y - a ring of poison resistance (right hand)
Wands
 i - a wand of polymorph (4)
 q - a wand of digging (3)
Scrolls
 h - 2 scrolls of enchant armour {unknown}
 o - a scroll of magic mapping {unknown}
 p - 5 scrolls of identify {unknown}
 r - a scroll of torment {unknown}
 s - a scroll of enchant weapon {unknown}
 t - a scroll of fog {unknown}
 v - a scroll of noise {unknown}
 x - a scroll of teleportation {unknown}
Potions
 d - 3 potions of might
 e - 2 potions of lignification {unknown}
 f - a potion of degeneration {unknown}
 g - 2 potions of curing {unknown}
 j - a potion of heal wounds {unknown}
 l - 2 potions of attraction {unknown}
 m - a potion of cancellation {unknown}
 n - a potion of haste {unknown}
 z - a potion of brilliance {unknown}
 A - a potion of flight {unknown}


   Skills:
 + Level 3.9 Fighting
 + Level 5.1 Axes
 + Level 3.7 Armour
 + Level 1.2 Dodging
 + Level 1.0 Stealth
 + Level 3.5 Shields


You had 6 spell levels left.
You didn't know any spells.
Your spell library contained the following spells:

 Spells                   Type           Power      Damage    Failure   Level
 Sandblast                Erth           0%         2d4       83%         1
 Passwall                 Tmut/Erth      0%         N/A       93%         2
 Gell's Gravitas          Tloc           0%         N/A       99%         3
 Lesser Beckoning         Tloc           0%         N/A       99%         3
 Stone Arrow              Conj/Erth      0%         3d7       99%         3
 Teleport Other           Tloc           0%         N/A       99%         3


Dungeon Overview and Level Annotations

Branches:
Dungeon (6/15)             Temple (1/1) D:5

Altars:
Ashenzari
Cheibriados
Dithmenos
Elyvilon
Fedhas
Gozag
Kikubaaqudgha
Makhleb
Nemelex Xobeh
Okawaru
Qazlal
Ru
Sif Muna
Trog
Uskayaw
Vehumet
Wu Jian
Xom
Yredelemnul
Zin
The Shining One

Shops:
D:2 :


Innate Abilities, Weirdness & Mutations

You have extremely sharp teeth.
Your natural rate of healing is unusually fast.
When hurt, damage is shared between your health and your magic reserves.
Your bite disrupts and absorbs the magic of your enemies.
Potions cannot restore your health.


Message History

There is a stone staircase leading up here.
You open the door.
There is an open door here.
You open the door.
There is an open door here.
A - a murky brown potion You open the door.
Found a sparkling altar of Nemelex Xobeh.
There is an open door here.
There is an open door here.
You open the door.
An endoplasm comes into view.
The endoplasm quivers.
There is an open door here.
You barely miss the endoplasm. The endoplasm barely misses you.
The endoplasm hits you but does no damage.
You slash the endoplasm!
You kill the endoplasm!
No target in view!
You open the door.
An ogre comes into view. It is wielding a +0 giant club.
The ogre shouts!
The ogre hits you but does no damage.
There is an open door here.
You hit the ogre. You bite the ogre! You drain its power.
The ogre is moderately wounded.
The ogre hits you with a +0 giant club!
You barely miss the ogre. Your bite misses the ogre.
The ogre is moderately wounded.
The ogre hits you with a +0 giant club!
You hit the ogre.
The ogre is heavily wounded.
The ogre hits you with a +0 giant club.
You hit the ogre. You bite the ogre. You drain its power.
You feel invigorated.
The ogre is almost dead.
The ogre misses you.
You closely miss the ogre.
The ogre is almost dead.
The ogre hits you with a +0 giant club!!
You die...

#...#######.##.#### ..
#...# #####.##.####...
#...###...............
#.......###...........
#......##.##..........
#......#...#...###...
###..####.####..#
#.##..#'#..##.#
#.#..O@.'._.#.#
#.##.##.##.##.#
#..###.#.###..#
#......#......#
#.##..###.#...#
#.........#...#
####......#...#
##.....#...+
#.....#...#


You could see an ogre.

Vanquished Creatures
  A water moccasin (D:5)
  2 ogres (D:5)
  A scorpion (D:3)
  A wyvern skeleton (D:4)
  A gnoll shaman (D:5)
  Ijyb (D:4)
  A howler monkey zombie (D:5)
  3 gnolls (D:5)
  4 adders
  A shadow imp (D:3)
  A white imp (D:5)
  2 ufetubi (D:5)
  3 dart slugs
  5 orcs
  3 bats
  8 endoplasms
  3 giant cockroaches
  6 goblins
  9 hobgoblins
  14 jackals
  6 kobolds
  2 quokkas
  6 ball pythons
  3 frilled lizards
  4 rats
91 creatures vanquished.

Notes
Turn   | Place    | Note
-------+----------+-------------------------------------------
     0 | D:1      | Plasmagod the Vine Stalker Fighter began the quest for the
                  | Orb.
     0 | D:1      | Reached XP level 1. HP: 11/11 MP: 2/2
    25 | D:1      | Reached XP level 2. HP: 11/16 MP: 1/3
   191 | D:1      | Reached skill level 2 in Axes
   738 | D:1      | Reached XP level 3. HP: 15/19 MP: 2/4
  1277 | D:2      | Found Bualebba's Book Emporium.
  1743 | D:2      | Found a shimmering altar of Xom.
  1774 | D:2      | Gained mutation: Your natural rate of healing is unusually
                  | fast. [Vine Stalker growth]
  1774 | D:2      | Reached XP level 4. HP: 10/24 MP: 3/5
  1945 | D:3      | Noticed a scorpion
  1949 | D:3      | Killed a scorpion
  1950 | D:3      | Reached skill level 3 in Axes
  1950 | D:3      | Reached XP level 5. HP: 15/28 MP: 4/6
  2760 | D:4      | Noticed Ijyb
  2764 | D:4      | Reached skill level 4 in Axes
  2764 | D:4      | Reached XP level 6. HP: 32/32 MP: 5/7
  2772 | D:4      | Killed Ijyb
  3129 | D:5      | Entered Level 5 of the Dungeon
  3137 | D:5      | Reached skill level 1 in Dodging
  3201 | D:5      | Found a staircase to the Ecumenical Temple.
  3210 | Temple   | Entered the Ecumenical Temple
  3564 | Temple   | Became a worshipper of the Shining One
  3720 | D:5      | Noticed a water moccasin
  3738 | D:5      | Killed a water moccasin
  3739 | D:5      | Reached XP level 7. HP: 3/37 MP: 3/8
  3826 | D:5      | Reached skill level 5 in Axes
  3925 | D:5      | Reached skill level 1 in Stealth
  4275 | D:6      | Found a sparkling altar of Nemelex Xobeh.
  4290 | D:6      | Slain by an ogre

Illustrated notes

Levels and vault maps discovered:
D:1:      psy_arrival_spokes, layout_loops_ring
D:2:      layout_rooms, basic_altar, serial_shops,
          nicolae_shop_temple_entry_statues_fountains, wad_orctagon
D:3:      layout_loops_ring
D:4:      layout_basic, minmay_hedge_maze, hangedman_abyss_or_decor_passed,
          kennysheep_donut, uniq_ijyb
D:5:      layout_rooms, lemuel_temple_firewalk_b
D:6:      lemuel_ratsnest, layout_gridville, nemelex_dance_club_becter,
          grunt_decor_mini_mirrors
Temple:   mainiacjoe_temple_cubbyholes

Skill      XL: |  1  2  3  4  5  6  7 |
---------------+----------------------+-----
Axes           | 2 3 4 5 |  5.1
Fighting       | 3 |  3.9
Armour         | 3 |  3.7
Shields        | 3 |  3.5
Dodging        | 1 |  1.2
Stealth        | 1 |  1.0

Action                   |  1- 3 |  4- 6 |  7- 9 || total
-------------------------+-------+-------+-------++-------
Melee: War axe           |    88 |   118 |    20 ||   226
       Bite              |    14 |    36 |     6 ||    56
Armor: Scale mail        |    34 |    65 |     6 ||   105
Dodge: Dodged            |    40 |    62 |     5 ||   107
Block: Buckler           |    24 |    30 |     2 ||    56
